 Dungeon Crawl Stone Soup version 0.31-a0-1529-g7bd419a0e5 (webtiles) character file.

Game seed: 10070612710695400855

816 olourkin the Cleaver (level 7, -4/35 HPs)
             Began as a Vine Stalker Berserker on Dec 31, 2023.
             Was a Priest of Trog.
             Incinerated by a bombardier beetle (8 damage)
             ... with a burning spray
             ... on level 5 of the Dungeon.
             The game lasted 00:16:54 (3753 turns).

olourkin the Cleaver (Vine Stalker Berserker)       Turns: 3753, Time: 00:16:54

Health: -4/35      AC: 12    Str: 22    XL:     7   Next: 94%
Magic:  0/8        EV:  6    Int:  7    God:    Trog [***...]
Gold:   218        SH:  0    Dex: 13    Spells: 6/6 levels left

rFire   . . .        w - +0 war axe
rCold   . . .        (no shield)
rNeg    . . .        k - +0 plate armour
rPois   .            B - +1 hat
rElec   .            (no cloak)
rCorr   .            (no gloves)
SInv    .            s - +0 pair of boots
Will    ++...        (no amulet) Stlth
                     d - ring of flight
HPRegen 2.05/turn    (no ring)
MPRegen 0.11/turn

%: guardian spirit
@: on fire, strong-willed, on berserk cooldown, flying, regenerating, slowed,
glowing, very slow
A: fangs 2, regeneration 1, magic shield, antimagic bite, no potion heal 2
a: Renounce Religion, Berserk, Trog's Hand


You were on level 5 of the Dungeon.
You worshipped Trog.
Trog was most pleased with you.
You visited 1 branch of the dungeon, and saw 5 of its levels.

You collected 218 gold pieces.

Inventory:

Hand Weapons
 a - a +0 hand axe
 w - a +0 war axe (weapon)
 D - a +0 heavy hand axe
Missiles
 r - 17 stones (quivered)
 t - 2 throwing nets
 x - 6 darts of dispersal
Armour
 b - a +0 animal skin
 k - a +0 plate armour (worn)
 s - a +0 pair of boots (worn)
 B - a +1 hat (worn)
Jewellery
 d - a ring of flight (left hand)
Wands
 n - a wand of charming (16)
Scrolls
 c - 3 scrolls of fog {unknown}
 e - a scroll of fear {unknown}
 f - a scroll of enchant weapon {unknown}
 g - 2 scrolls of blinking {unknown}
 h - a scroll of revelation {unknown}
 i - 6 scrolls of identify {unknown}
 j - 5 scrolls of teleportation {unknown}
 m - a scroll of amnesia {unknown}
 p - a scroll of brand weapon {unknown}
 u - a scroll of immolation {unknown}
 y - a scroll of torment {unknown}
Potions
 l - a potion of enlightenment {unknown}
 o - a potion of haste {unknown}
 q - a potion of mutation {unknown}
 v - a potion of lignification {unknown}
 z - a potion of brilliance {unknown}
 A - a potion of resistance {unknown}
 C - a potion of curing {unknown}


   Skills:
 - Level 2.7 Fighting
 * Level 8.3 Axes
 - Level 1.7 Armour
 - Level 1.7 Dodging


You had 6 spell levels left.
You didn't know any spells.
Your spell library was empty.

Dungeon Overview and Level Annotations

Branches:
Dungeon (5/15)
 Temple: D:4-7

Altars:
Qazlal

Shops:
D:1 (   D:5 *


Innate Abilities, Weirdness & Mutations

You have extremely sharp teeth.
Your natural rate of healing is unusually fast.
When hurt, damage is shared between your health and your magic reserves.
Your bite disrupts and absorbs the magic of your enemies.
Potions cannot restore your health.


Message History

The liquid fire burns you! The orc hits you but does no damage. x2
Okay, then.
Your skin crawls.
You feel strong-willed.
You can no longer call in reinforcements.
The liquid fire burns you! The orc hits you but does no damage.
You hit the orc.
You kill the orc!
Trog accepts your kill. The liquid fire burns you!
The bombardier beetle sprays incendiary fluid at you.
The burning spray hits you.
You are even more covered in liquid fire!
You shake off some of the fire as you move.
The liquid fire burns you!
You shake off some of the fire as you move.
The liquid fire burns you!
The bombardier beetle barely misses you.
You slash the bombardier beetle! You bite the bombardier beetle.
You drain its power.
You feel invigorated.
The bombardier beetle is almost dead.
The liquid fire burns you!
The bombardier beetle bites you but does no damage.
You slash the bombardier beetle!
You kill the bombardier beetle!
Trog accepts your kill. The liquid fire burns you!
* * * LOW HITPOINT WARNING * * *
The liquid fire burns you!
* * * LOW HITPOINT WARNING * * *
The liquid fire burns you!
* * * LOW HITPOINT WARNING * * *
The liquid fire burns you!
* * * LOW HITPOINT WARNING * * *
The liquid fire burns you!
* * * LOW HITPOINT WARNING * * *
The liquid fire burns you!
You die...

......................
......................
#......#########..... #......#
#..... #......# #....[ ##.....#
#..... #.....# #..... #..†..#
#..... ##.@..# #..... #...[#
#..... #....#... .. #.....
###)..#.#...#.#..... ### ####
##.....#.......#..... #..# ##
.#.##......#.......# ....
#..##.#..##.#......#.#...#.#.....
.##....##)...##....#.......#.....
.#..# #..##.#.....#.......#.....


There were no monsters in sight!

Vanquished Creatures
  2 phantoms (D:5)
  Blork the orc (D:5)
  2 scorpions
  A hound (D:5)
  A bombardier beetle (D:5)
  A gnoll bouda (D:3)
  A jelly (D:5)
  3 iguanas
  11 gnolls
  8 adders
  A white imp (D:3)
  2 dart slugs
  2 ribbon worms
  8 orcs
  6 endoplasms
  4 giant cockroaches
  8 goblins
  7 hobgoblins
  5 quokkas
  7 ball pythons
  7 bats
  5 frilled lizards
  10 kobolds
  9 rats
112 creatures vanquished.

Notes
Turn   | Place    | Note
-------+----------+-------------------------------------------
     0 | D:1      | olourkin the Vine Stalker Berserker began the quest for the
                  | Orb.
     0 | D:1      | Reached XP level 1. HP: 11/11 MP: 2/2
    75 | D:1      | Reached XP level 2. HP: 16/16 MP: 3/3
    92 | D:1      | Reached skill level 3 in Axes
   332 | D:1      | Reached XP level 3. HP: 19/19 MP: 2/4
   380 | D:1      | Found Mirud's Weapon Boutique.
   520 | D:2      | Reached ** piety under Trog
   925 | D:2      | Identified the +0 robe "Qagazia" {-Tele rPois Str+8}
   945 | D:2      | Reached skill level 4 in Axes
  1005 | D:2      | Reached XP level 4. HP: 23/23 MP: 5/5
  1849 | D:3      | Reached XP level 5. HP: 27/27 MP: 6/6
  1852 | D:3      | Reached skill level 5 in Axes
  1852 | D:3      | Reached *** piety under Trog
  2175 | D:3      | Found a stormy altar of Qazlal.
  2552 | D:4      | Reached skill level 6 in Axes
  2552 | D:4      | Reached XP level 6. HP: 32/32 MP: 7/7
  2991 | D:4      | You are sucked into a shaft and drop 1 floor!
  2991 | D:5      | Entered Level 5 of the Dungeon
  3068 | D:5      | Reached XP level 7. HP: 35/35 MP: 8/8
  3178 | D:5      | Found Wobidwin's Assorted Antiques.
  3270 | D:5      | Reached skill level 7 in Axes
  3674 | D:5      | Identified the +1 robe of Aviewin {rN+ Will- Dex+6}
  3705 | D:5      | Reached **** piety under Trog
  3714 | D:5      | Noticed Blork the orc
  3731 | D:5      | Killed Blork the orc
  3732 | D:5      | Reached skill level 8 in Axes
  3752 | D:5      | HP: 1/35 [burnt (8)]
  3753 | D:5      | Incinerated by a bombardier beetle

Illustrated notes

Levels and vault maps discovered:
D:1:      ncdulo_watergridlock, layout_rooms, serial_shops,
          nicolae_shop_bloodbath_and_beyond
D:2:      minmay_razor_zed, layout_loops_ring
D:3:      layout_basic, nicolae_qazlal_general_emergency
D:4:      layout_gridville, uniq_menkaure
D:5:      layout_layer_cave, temple_hall, serial_shops, kennysheep_little_box,
          nicolae_eternal_life, minmay_stone_trees_small, uniq_blork_the_orc

Skill      XL: |  1  2  3  4  5  6  7 |
---------------+----------------------+-----
Axes           | 3 4 6 8 |  8.3
Fighting       | |  2.7
Armour         | |  1.7
Dodging        | |  1.7

Action                     |  1- 3 |  4- 6 |  7- 9 || total
---------------------------+-------+-------+-------++-------
  Melee: Hand axe          |   113 |   130 |       ||   243
         Bite              |    21 |    44 |    11 ||    76
         Punch             |     1 |     2 |     1 ||     4
         War axe           |       |    62 |    48 ||   110
  Throw: Stone             |       |    10 |     9 ||    19
 Invoke: Berserk           |     1 |     1 |     1 ||     3
         Trog's Hand       |       |     1 |     1 ||     2
   Stab: Sleeping          |     1 |       |       ||     1
 Armour: Animal skin       |    39 |       |       ||    39
         Plate armour      |    30 |   155 |    46 ||   231
  Dodge: Dodged            |    57 |    53 |    14 ||   124

Table legend: (Time is in decaauts)
 A = Elapsed time spent in this place.
 B = Non-inter-level travel time spent in this place.
 C = Inter-level travel time spent in this place.
 D = Time resting spent in this place.
 E = Time spent auto-exploring this place.
 F = Levels seen in this place.
 G = Mean time per level.
                   A        B        C        D        E       F      G
               +--------+--------+--------+--------+--------+-----+--------+
         Total |   3817 |   3703 |    114 |    189 |   2436 |   5 |  763.4 |
       Dungeon |   3817 |   3703 |    114 |    189 |   2436 |   5 |  763.4 |
               +--------+--------+--------+--------+--------+-----+--------+

Top non-repeatable levels by time:
     D:2: 1038 daAuts
     D:3: 992 daAuts
     D:5: 651 daAuts
     D:4: 605 daAuts
     D:1: 530 daAuts
